 Dungeon Crawl Stone Soup version 0.27-a0-1139-g28e009f8a6 (webtiles) character file.

Game seed: 7285575237689390586

3028 siradein the Carver (level 9, -6/59 (63) HPs)
             Began as a Demonspawn Fighter on May 7, 2021.
             Was an Initiate of Nemelex Xobeh.
             Mangled by a vampire (10 damage)
             ... on level 8 of the Dungeon on May 8, 2021.
             The game lasted 00:41:22 (9433 turns).

siradein the Carver (Demonspawn Fighter)            Turns: 9433, Time: 00:41:23

HP:   -6/59 (63)    AC: 21    Str: 20    XL:     9   Next: 56%
MP:   9/9           EV:  1    Int: 14    God:    Nemelex Xobeh [......]
Gold: 389           SH: 13    Dex: 13    Spells: 8/8 levels left

rFire    + . .     SeeInvis .   a - +0 long sword
rCold    . . .     Faith    .   x - +0 tower shield
rNeg     . . .     Spirit   .   g - +7 plate armour "Mipti" {rF+ Int+5}
rPois    .         Reflect  .   (helmet unavailable)
rElec    .         Harm     .   (no cloak)
rCorr    .         Rampage  .   v - +0 pair of gloves
Will     .....                  (no boots)
Stlth    ..........             o - amulet of the acrobat
HPRegen  0.19/turn              (no ring)
MPRegen  0.11/turn              (no ring)

@: drained
A: horns 3, slimy green scales 1, powered by death 1
a: Renounce Religion, Draw Escape, Draw Destruction, Draw Summoning


You were on level 8 of the Dungeon.
You worshipped Nemelex Xobeh.
Nemelex Xobeh was noncommittal.
You visited 1 branch of the dungeon, and saw 8 of its levels.
You also visited: Ossuary.

You collected 389 gold pieces.

Inventory:

Hand Weapons
 a - a +0 long sword (weapon)
Missiles
 B - 2 curare-tipped darts (quivered)
Armour
 c - a +0 kite shield
 g - the +7 plate armour "Mipti" (worn) {rF+ Int+5}
   (You found it on level 5 of the Dungeon)

   It affects your intelligence (+5).
   It protects you from fire.
 v - a +0 pair of gloves (worn)
 x - a +0 tower shield (worn)
Jewellery
 n - a ring of wizardry
 o - an amulet of the acrobat (around neck)
Wands
 u - a wand of iceblast (9)
 y - a wand of polymorph (6)
Scrolls
 e - 3 scrolls of teleportation
 i - 2 scrolls of enchant weapon {unknown}
 j - 2 scrolls of immolation
 k - a scroll of magic mapping {unknown}
 l - 4 scrolls of amnesia {unknown}
 q - 3 scrolls of enchant armour {unknown}
 s - a scroll of blinking {unknown}
 t - 2 scrolls of torment {unknown}
 z - a scroll of vulnerability {unknown}
 A - 2 scrolls of holy word {unknown}
Potions
 b - 4 potions of curing
 d - 3 potions of haste
 f - 2 potions of lignification
 h - a potion of cancellation
 m - a potion of magic
 p - 2 potions of attraction
 r - 2 potions of flight
 w - 3 potions of mutation {unknown}
 C - a potion of brilliance {unknown}


   Skills:
 - Level 3.0 Fighting
 + Level 12.1 Long Blades
 - Level 2.6 Armour
 - Level 2.6 Shields


You had 8 spell levels left.
You didn't know any spells.
Your spell library was empty.

Dungeon Overview and Level Annotations

Branches:
Dungeon (8/15)             Temple (0/1) D:7         Ossuary (visited)
   Lair: D:8-11

Altars:
Cheibriados
Dithmenos
Nemelex Xobeh
Uskayaw
Xom
Zin

Shops:
D:1 ?


Innate Abilities, Weirdness & Mutations

You have a pair of large horns on your head.
You are partially covered in slimy green scales. (AC +2)
You regenerate a little health from kills.


Message History

You bump into the rock wall.
You feel less confused.
The vampire hits you but does no damage.
The vampire bites you but does no damage.
You slash the vampire! Your headbutt misses the vampire.
The vampire is moderately damaged.
You block the vampire's attack. The vampire bites you.
The vampire draws strength from your injuries!
You block the vampire's attack.
The vampire bites you but does no damage.
You closely miss the vampire. You headbutt the vampire.
The vampire is heavily damaged.
The vampire hits you! You block the vampire's attack.
You slash the vampire! Your headbutt misses the vampire.
The vampire is severely damaged.
You block the vampire's attack. The vampire completely misses you.
You slash the vampire!
The vampire is almost destroyed.
The vampire draws life force from you!!
The vampire is healed by the life force!
You hit the vampire but do no damage.
The vampire is severely damaged.
You block the vampire's attack. The vampire bites you.
The vampire draws strength from your injuries!
You block the vampire's attack.
The vampire bites you but does no damage.
You hit the vampire but do no damage. You headbutt the vampire.
The vampire is severely damaged.
You block the vampire's attack. The vampire bites you!
The vampire draws strength from your injuries!
You closely miss the vampire. Your headbutt misses the vampire.
The vampire is severely damaged.
The vampire draws life force from you!
* * * LOW HITPOINT WARNING * * *
The vampire is healed by the life force!
You hit the vampire.
The vampire is heavily damaged.
The vampire hits you!
You die...
Your body disappears without a glow.

##.#.#..## #.
##.##..# ## #.##..###
## #. #.##....#
#.###.#
#<##.##.###.#.#O##
#.##.#..Y#.....#
#.##...#....##..#
#####.####...###Y.r.#
#....@# ##.## .....
#.###V# #. Y.... #.#
#. ..Y.r #.# #. ...r
#.# #. .Y.. #.. #.
###


You could see a vampire.

Vanquished Creatures
  Sigmund (D:4)
  2 yaks (D:8)
  Eustachio (D:5)
  A water moccasin (D:7)
  A black bear (D:6)
  2 sky beasts
  A necrophage (D:6)
  An ice beast (D:6)
  An ogre (D:5)
  A centaur (D:5)
  2 kobold brigands
  2 bullfrogs
  A scorpion (D:3)
  2 water moccasin zombies
  A wyvern skeleton (D:5)
  5 killer bees (D:8)
  4 centaur zombies
  3 hounds
  A bullfrog zombie (D:5)
  An orc priest (D:4)
  A gnoll shaman (D:7)
  A bullfrog skeleton (D:3)
  Jessica (D:2)
  3 iguanas (D:6)
  3 scorpion zombies (D:4)
  2 orc wizards (D:4)
  A hell rat (D:8)
  A hound skeleton (D:4)
  5 mummies (Ossuary)
  Robin (D:1)
  3 gnolls (D:7)
  8 adders
  A shadow imp (D:5)
  3 white imps (D:7)
  2 ufetubi
  2 adder skeletons
  5 adder zombies (D:4)
  3 worms
  2 dart slugs
  13 orcs
  5 bats
  5 endoplasms
  3 giant cockroaches
  16 goblins
  7 hobgoblins
  4 jackals
  13 kobolds
  4 quokkas
  6 ball pythons
  3 frilled lizards
  A hobgoblin zombie (Ossuary)
  A quokka skeleton (D:4)
  8 rats
171 creatures vanquished.

Vanquished Creatures (others)
  A withered plant (D:4)
1 creature vanquished.

Grand Total: 172 creatures vanquished

Notes
Turn   | Place    | Note
-------+----------+-------------------------------------------
     0 | D:1      | siradein the Demonspawn Fighter began the quest for the
                  | Orb.
     0 | D:1      | Reached XP level 1. HP: 18/18 MP: 1/1
   104 | D:1      | Reached skill level 2 in Long Blades
   171 | D:1      | Gained mutation: You regenerate a little health from kills.
                  | [demonic ancestry]
   171 | D:1      | Reached XP level 2. HP: 22/24 MP: 2/2
   246 | D:1      | Found a faded altar of an unknown god.
   494 | D:1      | Reached skill level 3 in Long Blades
  1010 | D:1      | Found Lipharu's Magic Scroll Emporium.
  1187 | D:2      | Noticed Robin
  1196 | D:1      | Reached XP level 3. HP: 28/29 MP: 3/3
  1269 | D:1      | HP: 1/29 [Robin/+2 spectral club (4)]
  1385 | D:1      | Killed Robin
  1817 | D:2      | Reached skill level 4 in Long Blades
  1817 | D:2      | Gained mutation: You have a pair of small horns on your
                  | head. [demonic ancestry]
  1817 | D:2      | Reached XP level 4. HP: 18/35 MP: 4/4
  2419 | D:2      | Noticed Jessica
  2426 | D:2      | Killed Jessica
  2745 | D:2      | Gained mutation: You are partially covered in slimy green
                  | scales. (AC +2) [demonic ancestry]
  2745 | D:2      | Reached XP level 5. HP: 41/41 MP: 5/5
  3077 | D:3      | Reached skill level 5 in Long Blades
  3650 | D:4      | Reached XP level 6. HP: 42/47 MP: 6/6
  4042 | D:4      | Reached skill level 6 in Long Blades
  4100 | D:4      | Noticed Sigmund
  4107 | D:5      | Entered Level 5 of the Dungeon
  4132 | D:5      | Noticed Eustachio
  4221 | D:6      | Noticed a sky beast
  4240 | D:6      | Killed a sky beast
  4288 | D:6      | Reached skill level 7 in Long Blades
  4297 | D:6      | Gained mutation: You have a pair of horns on your head.
                  | [demonic ancestry]
  4297 | D:6      | Reached XP level 7. HP: 34/52 MP: 7/7
  4790 | D:6      | Reached skill level 8 in Long Blades
  5266 | D:5      | Reached XP level 8. HP: 10/58 MP: 8/8
  5277 | D:5      | Reached skill level 9 in Long Blades
  5565 | D:5      | Identified the +7 plate armour "Mipti" {rF+ Int+5}
  5651 | D:5      | Killed Eustachio
  6176 | D:5      | Reached skill level 10 in Long Blades
  6532 | D:4      | Killed Sigmund
  7415 | D:7      | Gained mutation: You have a pair of large horns on your
                  | head. [demonic ancestry]
  7415 | D:7      | Reached XP level 9. HP: 50/63 MP: 9/9
  7551 | D:7      | Found a staircase to the Ecumenical Temple.
  7577 | D:7      | Reached skill level 11 in Long Blades
  7606 | D:7      | Found a sand-covered staircase.
  7611 | Ossuary  | Entered an ossuary
  8203 | D:8      | Noticed a death yak
  8489 | D:8      | Found a snail-covered altar of Cheibriados.
  8492 | D:8      | Found a sparkling altar of Nemelex Xobeh.
  8494 | D:8      | Found a hide-covered altar of Uskayaw.
  8495 | D:8      | Found a shadowy altar of Dithmenos.
  8496 | D:8      | Found a shimmering altar of Xom.
  8503 | D:8      | Became a worshipper of Nemelex Xobeh the Trickster
  8576 | D:8      | Reached skill level 12 in Long Blades
  9046 | D:8      | Noticed a two-headed ogre
  9433 | D:8      | Mangled by a vampire

Illustrated notes

Levels and vault maps discovered:
D:1:      dpeg_arrival_tiny_a, layout_basic, ebering_ecumenical_altar_mist,
          serial_shops, nicolae_shop_behind_doors
D:2:      layout_loops_corners, kennysheep_jessica_study, uniq_robin
D:3:      layout_loops_ring
D:4:      layout_cave_pools, serial_undead, serial_undead_a, serial_undead_d,
          serial_undead_d, serial_undead_e, uniq_sigmund
D:5:      layout_basic, uniq_eustachio
D:6:      layout_basic
D:7:      layout_basic, temple_green, enter_ossuary_2
D:8:      layout_loops_ring, grunt_temple_overflow_open, lemuel_doored_altar,
          dpeg_lair_monsters, kennysheep_small_spiral, lightli_church_of_beogh

Skill      XL: |  1  2  3  4  5  6  7  8  9 |
---------------+----------------------------+-----
Long Blades    | 2 3 4 5 7 8 10 12 | 12.1
Fighting       | |  3.0
Armour         | |  2.6
Shields        | |  2.6

Action                   |  1- 3 |  4- 6 |  7- 9 || total
-------------------------+-------+-------+-------++-------
Melee: Long sword        |    97 |   192 |   446 ||   735
       Headbutt          |       |    35 |    85 ||   120
       Unarmed           |       |       |    10 ||    10
  Use: Potion            |     1 |     1 |     6 ||     8
       Scroll            |       |     4 |     7 ||    11
 Stab: Confused          |       |       |     2 ||     2
Armor: Scale mail        |    21 |       |       ||    21
       Chain mail        |    45 |   125 |    26 ||   196
       Plate armour      |       |       |   349 ||   349
       Skin              |       |       |    28 ||    28
Dodge: Dodged            |    27 |    50 |    61 ||   138
Block: Kite shield       |    57 |   104 |    45 ||   206
       Tower shield      |       |       |   360 ||   360
       Rpst.: Long sword |     8 |    17 |    11 ||    36

Table legend: (Time is in decaauts)
 A = Elapsed time spent in this place.
 B = Non-inter-level travel time spent in this place.
 C = Inter-level travel time spent in this place.
 D = Time resting spent in this place.
 E = Time spent auto-exploring this place.
 F = Levels seen in this place.
 G = Mean time per level.
                   A        B        C        D        E       F      G
               +--------+--------+--------+--------+--------+-----+--------+
         Total |   9700 |   9111 |    589 |    887 |   5758 |   9 | 1077.8 |
       Dungeon |   9559 |   8970 |    589 |    887 |   5684 |   8 | 1194.9 |
       Ossuary |    140 |    140 |      0 |      0 |     74 |   1 |  140.0 |
               +--------+--------+--------+--------+--------+-----+--------+

Top non-repeatable levels by time:
     D:1: 1597 daAuts
     D:5: 1508 daAuts
     D:2: 1428 daAuts
     D:8: 1151 daAuts
     D:4: 1029 daAuts
     D:6: 1000 daAuts
     D:7: 932 daAuts
     D:3: 912 daAuts
 Ossuary: 140 daAuts
